Cogmind - Beta 15 --- EXPLORER MODE // 2025.07.03 @ 15:14:10 // Winter2019/RPGLIKE Player: User15V Result: Self-destructed Performance ------------- Evolutions (1) 500 Regions Visited (5) 1000 Robots Destroyed (25) 125 Value Destroyed (642) 642 Prototype IDs (23) 460 Alien Tech Used (0) 0 Bonus (300) 300 TOTAL SCORE: 3027 Bonus ------- Aligned with FarCom 300 Cogmind --------- Core Integrity 526/600 Matter 300/300 Energy 159/160 System Corruption 0% Temperature Cool (2) Movement Hovering (56) Location -9/Exiles Parts ------- > --- POWER (1) -------- Light Nuclear Core > --- PROPULSION (2) --- Improved Hover Unit Improved Hover Unit > --- UTILITY (3) ------ Improved Terrain Scanner Targeting Computer > --- WEAPON (2) ------- Heavy Assault Rifle Improved Light Cannon > --- INVENTORY (4) ---- Light Ion Engine Rocket Launcher Datajack Mining Laser Peak State ------------ > --- POWER ------------ Light Nuclear Core > --- PROPULSION ------- Improved Hover Unit Improved Hover Unit > --- UTILITY ---------- Improved Terrain Scanner Targeting Computer > --- WEAPON ----------- Heavy Assault Rifle Improved Light Cannon > --- INVENTORY -------- Light Ion Engine Mini Grenade Launcher Datajack Mining Laser [Rating: 15] Favorites ----------- Power Light Ion Engine Engine Light Ion Engine Power Core Light Nuclear Core Propulsion Improved Hover Unit Hover Unit Improved Hover Unit Utility Improved Terrain Scanner Device Improved Terrain Scanner Processor Targeting Computer Weapon Light Assault Rifle Ballistic Gun Light Assault Rifle Ballistic Cannon Improved Light Cannon Special Weapon Mining Laser Build | -11 -10 -10 -9 -9 -9 ------- Run | Yrd Mat Min Mat Min Exi Slots Evolved 4 | 4 . . . . . Power . | . . . . . . Propulsion 1 | 1 . . . . . Utility 2 | 2 . . . . . Weapon 1 | 1 . . . . . Parts Attached 12 | 3 2 2 1 4 . Power 2 | . . 1 . 1 . Engine 1 | . . 1 . . . Core 1 | . . . . 1 . Reactor . | . . . . . . Propulsion 3 | . 1 . 1 1 . Treads . | . . . . . . Leg . | . . . . . . Wheel . | . . . . . . Hover 3 | . 1 . 1 1 . Flight . | . . . . . . Utility 2 | 1 1 . . . . Device 1 | 1 . . . . . Storage . | . . . . . . Processor 1 | . 1 . . . . Hackware . | . . . . . . Protection . | . . . . . . Artifact . | . . . . . . Weapon 5 | 2 . 1 . 2 . Energy Gun . | . . . . . . Energy Cannon . | . . . . . . Ballistic Gun 3 | 2 . . . 1 . Ballistic Cannon 1 | . . . . 1 . Launcher . | . . . . . . Special Weapon 1 | . . 1 . . . Impact Weapon . | . . . . . . Slashing Weapon . | . . . . . . Piercing Weapon . | . . . . . . Special Melee Weapon . | . . . . . . Unidentified Prototypes . | . . . . . . Parts Lost . | . . . . . . Power . | . . . . . . Propulsion . | . . . . . . Utility . | . . . . . . Weapon . | . . . . . . Highest Loss Streak . | . . . . . . To Critical Strikes . | . . . . . . Average Backups 3 | 1 3 3 4 4 4 Power . | . 1 . 1 1 1 Propulsion . | . . . . . . Utility . | . . . . . . Weapon 1 | . 1 2 2 2 2 Tool/Special . | . . . . . . Unused Backups 2 | . . . . 1 1 Power . | . . . . . . Propulsion . | . . . . . . Utility . | . . . . . . Weapon 1 | . . . . 1 . Tool/Special 1 | . . . . . 1 Average Slot Usage (%) 77 | . 43 65 86 87 87 Engine 6 | . . 3 12 4 . Core 2 | . . . . 7 12 Hover 19 | . 4 12 24 25 25 Device 12 | . 12 12 12 12 12 Processor 10 | . . 12 12 12 12 Ballistic Gun 23 | . 25 23 25 21 12 Ballistic Cannon 1 | . . . . 2 12 Peak Build Rating 15 | 5 7 8 10 15 15 Average Rating 9 | 1 5 7 9 12 15 On Entrance 7 | . 5 7 8 10 15 Naked Turns . | . . . . . . Heaviest Build 13 | 3 3 6 6 13 13 Greatest Support 14 | 3 6 6 13 14 14 Greatest Overweight (x) . | . . . . . . Average Overweight (x) . | . . . . . . Largest Inventory Capacity 4 | 4 4 4 4 4 4 Average Capacity 3 | 3 4 4 4 4 4 Most Carried 4 | 4 4 4 4 4 4 Average Carried 3 | 1 3 3 4 4 4 Final Capacity 4 | 4 4 4 4 4 4 Final Carried 4 | 3 4 4 4 4 4 Class Distribution -------------------- 100% | Hacker-Mutant Dominant Class ---------------- Hacker-Mutant | -10/Materials Hacker-Mutant | -10/Mines Hacker-Mutant | -9/Materials Hacker-Mutant | -9/Mines Hacker-Mutant | -9/Exiles Resources | -11 -10 -10 -9 -9 -9 ----------- Run | Yrd Mat Min Mat Min Exi Matter Collected 475 | 245 8 74 72 76 . Remotely . | . . . . . . Salvage Created 904 | 143 76 186 285 214 . Parts 56 | 7 2 10 24 13 . Haulers Intercepted . | . . . . . . Recyclers Shooed 1 | . . . 1 . . Parts Field Recycled . | . . . . . . Retrieved Matter . | . . . . . . Parts Self-Destructed . | . . . . . . Prevented . | . . . . . . Kills | -11 -10 -10 -9 -9 -9 ------- Run | Yrd Mat Min Mat Min Exi Combat Hostiles Destroyed 18 | . . 4 10 4 . Guns 18 | . . 4 10 4 . Classes Destroyed 8 | 2 1 2 1 2 . Tunneler 2 | 2 . . . . . Recycler 2 | 1 1 . . . . Watcher 3 | . 1 . 2 . . Swarmer 5 | . . 2 3 . . Grunt 9 | . . 2 6 1 . Brawler 1 | . . . 1 . . Duelist 1 | . . . . 1 . Sentry 2 | . . . . 2 . Best Kill Streak 7 | 3 2 2 7 2 . Combat Bots Only 4 | . . 2 4 2 . Max Kills in Single Turn 2 | 1 1 1 2 1 . Gunslinging 1 | . . . 1 . . Exploded . | . . . . . . Melee . | . . . . . . Uniques/NPCs Destroyed . | . . . . . . Combat | -11 -10 -10 -9 -9 -9 -------- Run | Yrd Mat Min Mat Min Exi Hostile Shots Fired 93 | . . 20 39 34 . Missed 28 | . . 7 14 7 . Hits 65 | . . 13 25 27 . Melee 3 | . . . . 3 . Projectile 62 | . . 13 25 24 . Critical Strikes 1 | . . . . 1 . Damage Taken 515 | . . 94 171 250 . Core 403 | . . 77 129 197 . Absorbed by Shields . | . . . . . . Redirected to Core 322 | . . 53 113 156 . Ignored by Resistances 325 | . . 58 111 156 . Core Remaining (%) 93 | 100 . 87 . . . Volleys Fired 74 | 8 4 13 31 18 . Largest 2 | 2 2 2 2 2 . Hottest 100 | 40 40 100 40 40 . Shots Fired 146 | 15 8 25 62 36 . Gun 145 | 15 8 24 62 36 . Cannon . | . . . . . . Launcher . | . . . . . . Special 1 | . . 1 . . . Kinetic 145 | 15 8 24 62 36 . Thermal 1 | . . 1 . . . Explosive . | . . . . . . Electromagnetic . | . . . . . . Robot Hit Streak 40 | 9 15 18 40 23 . Robot Miss Streak 2 | 1 . 2 1 1 . Penetration Max . | . . . . . . Secondary Targets 3 | . . . 2 1 . Max Gunslinging Chain 1 | . . . 1 1 . Shots Hit Robots 127 | 14 6 20 55 32 . Core Hits 60 | 7 4 9 27 13 . Critical Kills . | . . . . . . Critical Parts Destroyed . | . . . . . . Critical Strikes . | . . . . . . Melee Attacks . | . . . . . . Impact . | . . . . . . Slashing . | . . . . . . Piercing . | . . . . . . Sneak Attacks . | . . . . . . Combat Hostiles . | . . . . . . Follow-up Attacks . | . . . . . . Damage Inflicted 1041 | 113 62 158 455 253 . Guns 1041 | 113 62 158 455 253 . Cannons . | . . . . . . Explosions . | . . . . . . Melee . | . . . . . . Ramming . | . . . . . . Kinetic 1041 | 113 62 158 455 253 . Thermal . | . . . . . . Explosive . | . . . . . . Electromagnetic . | . . . . . . Impact . | . . . . . . Slashing . | . . . . . . Piercing . | . . . . . . Highest Corruption . | . . . . . . Average Corruption . | . . . . . . Corruption Purged . | . . . . . . Corruption Blocked . | . . . . . . Overload Shots . | . . . . . . Overflow Damage . | . . . . . . Projectiles . | . . . . . . Explosions . | . . . . . . Melee . | . . . . . . Knockbacks . | . . . . . . Impact . | . . . . . . Kinetic . | . . . . . . Secondary . | . . . . . . Self-Inflicted Damage . | . . . . . . Shots . | . . . . . . Rammed . | . . . . . . Targets Rammed . | . . . . . . Kicked . | . . . . . . Crushed . | . . . . . . Highest Temperature 80 | . . 23 36 80 . Average Temperature 18 | . . 7 14 28 . Received Heat Transfer 342 | . . 66 120 156 . Siege Activations . | . . . . . . Martial Activations . | . . . . . . Shielding Activations . | . . . . . . Robots Disrupted . | . . . . . . Combat Hostiles . | . . . . . . Robots Corrupted . | . . . . . . Combat Hostiles . | . . . . . . Parts Fried . | . . . . . . Impact Corruptions . | . . . . . . Robots Melted . | . . . . . . Combat Hostiles . | . . . . . . Parts Melted . | . . . . . . Heat Transferred . | . . . . . . Parts Sabotaged . | . . . . . . Parts Stolen . | . . . . . . Parts Stripped . | . . . . . . Power Chain Reactions . | . . . . . . Alert | -11 -10 -10 -9 -9 -9 ------- Run | Yrd Mat Min Mat Min Exi Maximum Alert Level . | . . . . . . Low Security (%) 100 | 100 100 100 100 100 . Level 1 . | . . . . . . Level 2 . | . . . . . . Level 3 . | . . . . . . Level 4 . | . . . . . . Level 5 . | . . . . . . High Security . | . . . . . . Max Security . | . . . . . . Peak Influence 89 | 15 12 56 89 47 . Initial 12 | . . . 11 12 . Average 22 | 2 . 21 34 18 . Influence Increases 472 | 15 12 101 254 90 . Destroy 0b10 Robot/C 360 | . . 80 200 80 . Destroy 0b10 Robot/NC 35 | 15 10 . 10 . . Destroy Leader 76 | . 2 20 44 10 . Destroy Structure 1 | . . 1 . . . Influence Decreases 472 | 15 12 60 251 134 . Entered New Map 62 | . . . 30 32 . Time Decay 410 | 15 12 60 221 102 . Squads Dispatched . | . . . . . . Investigation . | . . . . . . Extermination . | . . . . . . Reinforcement . | . . . . . . Assault . | . . . . . . Garrison . | . . . . . . Intercept . | . . . . . . Searches Triggered . | . . . . . . Construction Impeded . | . . . . . . Haulers Reinforced . | . . . . . . Active Scanning Responses . | . . . . . . Cargo Convoy Interrupts . | . . . . . . Stealth | -11 -10 -10 -9 -9 -9 --------- Run | Yrd Mat Min Mat Min Exi Distress Signals 2 | . . . 2 . . Communications Jammed . | . . . . . . Distress Signals . | . . . . . . Times Spotted 24 | . 2 4 14 4 . Peak Tracking Total 5 | . 1 2 5 2 . Tactical Retreats . | . . . . . . Traps | -11 -10 -10 -9 -9 -9 ------- Run | Yrd Mat Min Mat Min Exi Traps Triggered 1 | . 1 . . . . Indirectly . | . . . . . . Trap Hack Attempts . | . . . . . . Triggered . | . . . . . . Disarmed . | . . . . . . Reprogrammed . | . . . . . . Reused . | . . . . . . Traps Extracted . | . . . . . . Installed . | . . . . . . Triggered . | . . . . . . Machines | -11 -10 -10 -9 -9 -9 ---------- Run | Yrd Mat Min Mat Min Exi Machines Disabled . | . . . . . . Max in Single Turn . | . . . . . . Machines Repaired . | . . . . . . Machines Dismantled . | . . . . . . Machines Sabotaged . | . . . . . . Overloaded Fab Kills . | . . . . . . Hacking | -11 -10 -10 -9 -9 -9 --------- Run | Yrd Mat Min Mat Min Exi Machines Accessed 1 | . . . . . 1 Terminals . | . . . . . . Fabricators . | . . . . . . Repair Stations . | . . . . . . Recycling Units . | . . . . . . Scanalyzers . | . . . . . . Garrison Access . | . . . . . . Total Hacks 1 | . . . . . 1 Successful 1 | . . . . . 1 Failed . | . . . . . . Catastrophic . | . . . . . . Database Lockouts . | . . . . . . Manual 1 | . . . . . 1 Terminals . | . . . . . . Fabricators . | . . . . . . Repair Stations . | . . . . . . Recycling Units . | . . . . . . Scanalyzers . | . . . . . . Garrison Access . | . . . . . . Terminal Hacks 1 | . . . . . 1 Proto ID Catalog 1 | . . . . . 1 Fabricator Hacks . | . . . . . . Repair Station Hacks . | . . . . . . Recycling Unit Hacks . | . . . . . . Scanalyzer . | . . . . . . Garrison Access Hacks . | . . . . . . Unauthorized Hacks . | . . . . . . Terminals . | . . . . . . Fabricators . | . . . . . . Repair Stations . | . . . . . . Recycling Units . | . . . . . . Scanalyzers . | . . . . . . Garrison Access . | . . . . . . Data Cores Recovered . | . . . . . . Used . | . . . . . . Hacking Detections . | . . . . . . Full Trace Events . | . . . . . . Feedback Events . | . . . . . . Feedback Blocked . | . . . . . . Robot Schematics Acquired . | . . . . . . Robots Built . | . . . . . . Authchips . | . . . . . . Time . | . . . . . . Total Robot Build Rating . | . . . . . . Part Schematics Acquired . | . . . . . . Parts Built . | . . . . . . Authchips . | . . . . . . Time . | . . . . . . Total Part Build Rating . | . . . . . . Parts Repaired . | . . . . . . Time . | . . . . . . Parts Recycled . | . . . . . . Recycled Matter . | . . . . . . Retrieved Matter . | . . . . . . Retrieved Components . | . . . . . . Parts Scanalyzed . | . . . . . . Part Schematics Acquired . | . . . . . . Parts Damaged . | . . . . . . Bothacking | -11 -10 -10 -9 -9 -9 ------------ Run | Yrd Mat Min Mat Min Exi Used RIF Installer . | . . . . . . Robots Hacked . | . . . . . . Non-combat . | . . . . . . Combat . | . . . . . . Robot Hacks Applied . | . . . . . . Relay Couplers Released . | . . . . . . Fabnet Peak Effective % . | . . . . . . Robots Rewired . | . . . . . . Allies Hacked . | . . . . . . Hacks Repelled . | . . . . . . Allies | -11 -10 -10 -9 -9 -9 -------- Run | Yrd Mat Min Mat Min Exi Total Allies . | . . . . . . Largest Group . | . . . . . . Highest-Rated Group . | . . . . . . Highest-Rated Ally . | . . . . . . Total Orders . | . . . . . . Ally Attacks . | . . . . . . Total Damage . | . . . . . . Kills . | . . . . . . Allies Corrupted . | . . . . . . Allies Melted . | . . . . . . Intel | -11 -10 -10 -9 -9 -9 ------- Run | Yrd Mat Min Mat Min Exi Active Infowar (turns) 861 | 3 135 105 396 160 62 Terrain 861 | 3 135 105 396 160 62 Robot Analysis Total . | . . . . . . Derelict Logs Recovered . | . . . . . . Drone Launches . | . . . . . . Drone Recoveries . | . . . . . . Exploration | -11 -10 -10 -9 -9 -9 ------------- Run | Yrd Mat Min Mat Min Exi Turns Passed 923 | 65 135 105 396 160 62 Spaces Moved 905 | 72 143 92 312 176 110 Core 127 | 72 55 . . . . Treads . | . . . . . . Legs . | . . . . . . Wheels . | . . . . . . Hover 778 | . 88 92 312 176 110 Flight . | . . . . . . Fastest Speed 50 | 50 50 60 56 56 56 Average Speed 55 | 50 56 60 56 56 56 Slowest Speed 60 | 50 60 60 60 56 56 Overloaded Moves . | . . . . . . Propulsion Burnouts . | . . . . . . Robots Hopped . | . . . . . . Potential Cave-ins . | . . . . . . Cave-ins Triggered . | . . . . . . Exploration Rate (%) 29 | 4 23 19 38 51 40 Regions Visited 5 Branch Regions 3 Pre-discovered Areas . | . . . . . . Known Exits Taken 5 | 1 1 1 1 1 . Unknown Exits Taken . | . . . . . . Scrap Searched . | . . . . . . Spaces Dug 1 | . . 1 . . . Terrain Destroyed 1 | . . 1 . . . Melee . | . . . . . . Projectile 1 | . . 1 . . . AOE . | . . . . . . Terrain Rammed . | . . . . . . Walls Destroyed . | . . . . . . Machines Disabled . | . . . . . . Actions | -11 -10 -10 -9 -9 -9 --------- Run | Yrd Mat Min Mat Min Exi Total 1197 | 87 190 118 482 210 110 Wait 177 | . 40 10 127 . . Move 900 | 71 142 91 311 175 110 Hop . | . . . . . . Pick Up 9 | 5 2 1 . 1 . Fast Attach 4 | 1 1 . 1 1 . Attach 4 | 2 1 1 . . . Detach . | . . . . . . Swap 5 | . . 2 . 3 . Drop 4 | . . . . 4 . Fire 74 | 8 4 13 31 18 . Melee . | . . . . . . Ram . | . . . . . . Kick . | . . . . . . Crush . | . . . . . . Escape Stasis . | . . . . . . Rewire . | . . . . . . Trap . | . . . . . . Miscellaneous 20 | . . . 12 8 . Route ------- -11/Scrapyard -10/Materials (discovered 3 exits: *Mat / *Min / Sub) -10/Mines -9/Materials (discovered 3 exits: *Mat x2 / *Min) -9/Mines -9/Exiles History --------- Turn | Location | Event 7 | -11/Scrapyard | Upgraded with Propulsion slot (x1) 7 | -11/Scrapyard | Upgraded with Utility slot (x2) 7 | -11/Scrapyard | Upgraded with Weapon slot (x1) 7 | -11/Scrapyard | Identified exit to Materials 7 | -11/Scrapyard | Discovered exit to Materials (range 14) 66 | -11/Scrapyard | Entered Materials 75 | -10/Materials | Identified exit to Subcaves 75 | -10/Materials | Discovered exit to Subcaves (range 15) 151 | -10/Materials | Identified exit to Materials 151 | -10/Materials | Discovered exit to Materials (range 16) 194 | -10/Materials | Identified exit to Mines 194 | -10/Materials | Discovered exit to Mines (range 13) 201 | -10/Materials | Entered Mines 214 | -10/Mines | Discovered exit to Materials (range 12) 306 | -10/Mines | Entered Materials 308 | -9/Materials | Reached level 2 308 | -9/Materials | Reached level 3 330 | -9/Materials | Build established: Hacker-Mutant 443 | -9/Materials | Reached level 4 502 | -9/Materials | Identified exit to Materials 502 | -9/Materials | Discovered exit to Materials (range 11) 640 | -9/Materials | Discovered exit to Materials (range 16) 697 | -9/Materials | Identified exit to Mines 697 | -9/Materials | Discovered exit to Mines (range 8) 702 | -9/Materials | Entered Mines 704 | -9/Mines | Reached level 5 839 | -9/Mines | Identified exit to Exiles 839 | -9/Mines | Discovered exit to Exiles (range 10) 846 | -9/Mines | Received a Rocket Launcher from a helpful Derelict 860 | -9/Mines | Deemed a non-threat by the Exiles lab entrance 862 | -9/Mines | Entered Exiles 877 | -9/Exiles | Met 8R-AWN 884 | -9/Exiles | Met EX-HEX 901 | -9/Exiles | Met EX-BIN 908 | -9/Exiles | Aligned with FarCom system 908 | -9/Exiles | Given EX-Vault access code 922 | -9/Exiles | Opened EX-Vault 924 | -9/Exiles | Self-destructed Last Messages --------------- Modified TNC 0b10 Alert Chip Cloak of Protection Skeleton Box Trap Reconfigurator Supersonic Drone Bay Army-in-a-Box PSU Rigger Chronowheel AWS/Thermal Latent Energy Streamer Gui. Plasma Cannon Firepult YOLO Cannon AWS/Gauss XL Autogun Array AWS/Autocannon Field Lobotomy Kit Longsword +1 Deploy-a-Sentry Map ----- +----------------------------------------------------+ | | | | | | | | | | | | | | | | | | | | | | | | | | | | | | | | | | | | | | | | | | | | | | | ?????????????###?#??##?####?##??#???##??#????????? | | ????????#????##??#??#####X#####??###?#???????????? | | ?????????????#?#?#?### @ !#????#?##?#?????????? | | ??????????????#??###?#! #?###?#?#?##????????? | | ?????????####?#???#??# [ #?##????????????????? | | ????????#???????#?##### ####???#?????????????? | | ???????????##??##?#??#X ####?####?##?????????? | | ?????????#?#??????##### #??#??##??#??????????? | | ???????????#?#????##?## ##???###??##?????????? | | ?????????##?###??#?#??# ##??###?##?#?????????? | | ????????#######???#?### ##""""""#?#??????????? | | ?????????#??????###?#?# ## """#?#??????????? | | ??????????#?#??#?#???## X""####?????????? | | ??????????###???#?##??# ## """#?###????????? | | ?????????#?##?#######?# #?""""""#####?##?????? | | ??????????##??#?"""""## #?#####?#?#??##??????? | | ??????????????#"""" ## ##?####?####??#??#???? | | ????????????###""X" ######?#?####??#??#??? | | ???????????##?#" ##?###?##?##??##?????? | | ???????????#?##" ## ####?##?#####???#????? | | ????????????#?#""""""## #?###########?#???#?#? | | ?????????????#?#"###### ###"""""""##?#????#??? | | ????????????? ??###### ###"""""""##?###?#???? | | ??????????##?"????##### ###"""""""##?###?????? | | ?????????????"""??##### ###"" """"####????#?#? | | ???????????#??"? #####" """"##?#??#??#?? | | ????????????#####?####" """#?#???#?#??? | +----------------------------------------------------+ Best States ------------- Heat Dissipation 25 Energy Generation 14 Energy Capacity 160 Matter Stores 300 Matter Capacity 300 Sight Range 16 Terrain Scan Range 16 Terrain Scan Density 710 Resistance: KI 35 Resistance: TH 35 Resistance: EX 35 Resistance: EM 35 Resistance: I 35 Resistance: S 35 Resistance: P 35 Evasion (%) 53 Targeting Accuracy 5 Offensive Hacking 20 Item Schematics ----------------- None Robot Schematics ------------------ None Fabricated ------------ Nothing Repaired ---------- Nothing Alien Tech Used ----------------- None Achievements -------------- None Challenges ------------ None RPGLIKE | -11 -10 -10 -9 -9 -9 --------- Run | Yrd Mat Min Mat Min Exi Levels Raised 4 | . . . 3 1 . XP Earned 12850 | 6000 . 1000 4550 950 350 XP Spent 5990 | 5990 . . . . . Upgrades 15 | 15 . . . . . Propulsion Slot 1 | 1 . . . . . Utility Slot 2 | 2 . . . . . Weapon Slot 1 | 1 . . . . . Inventory Capacity 4 | 4 . . . . . Terrain Scan Density 7 | 7 . . . . . Protomatter Created 229 | . . . 178 51 . Integrity Restored 398 | . . . 248 150 . Core 329 | . . . 206 123 . Parts 69 | . . . 42 27 . Protomatter Decayed 93 | . . . 93 . . Game ------ Seed WeightAbsorptionBallwheel Manual? 0 Play Time 00:07:07 Cumulative 627.0 hours Start 2025.07.03 @ 15:07:38 End 2025.07.03 @ 15:14:10 Sessions 1 Manual Loads 0 Difficulty Explorer Special Mode Winter2019/RPGLIKE Game No. 256 Rogue 104 Adventurer 111 Explorer 41 Win Type - Total 43 Types 21/5/1/7/2/1/1/1/1/3 Lore% 92 Gallery% 97 Achievement% 96 Wizard Run 0 Options --------- Layout 2 ASCII 0 Keyboard 0 Movement Mouse Keybinds 0 Fullscreen 2 Font 24/Smallcaps Map View 50x44 Zoom Use 0% Tactical HUD 1 Map Filters NONE Filters NONE Steam 1 RUN: 0c29ee71-a1d3-4321-b258-1686c2d48dd1